 Dungeon Crawl Stone Soup version 0.28.0-45-g0d030f2227 (webtiles) character file.

Game seed: 15147631695009776946

21 Ablot the Cutter (level 2, -1/29 HPs)
             Began as a Gnoll Chaos Knight on Apr 11, 2022.
             Was a Plaything of Xom.
             Slain by an unseen horror (glowing shapeshifter) (10 damage)
             ... on level 1 of the Dungeon.
             The game lasted 00:00:45 (370 turns).

Ablot the Cutter (Gnoll Chaos Knight)                Turns: 370, Time: 00:00:45

Health: -1/29      AC:  5    Str: 11    XL:     2   Next: 87%
Magic:  2/2        EV: 12    Int: 11    God:    Xom [..*...]
Gold:   17         SH:  0    Dex: 11    Spells: 2/2 levels left

rFire   . . .      SeeInvis .   a - +0 short sword (chaos)
rCold   . . .      Faith    .   (no shield)
rNeg    + . .      Spirit   .   b - +2 leather armour
rPois   .          Reflect  .   (no helmet)
rElec   .          Harm     .   (no cloak)
rCorr   .          Rampage  .   (no gloves)
Will    .....                   (no boots)
Stlth   +.........              (no amulet)
HPRegen 0.09/turn               d - ring of positive energy
MPRegen 0.08/turn               (no ring)

@: no status effects
A: fangs 1, strong nose, distributed training
a: Renounce Religion


You were on level 1 of the Dungeon.
You worshipped Xom.
You were a toy of Xom.
You visited 1 branch of the dungeon, and saw 1 of its levels.

You collected 17 gold pieces.

Inventory:

Hand Weapons
 a - a +0 short sword of chaos (weapon)
Missiles
 c - 7 stones (quivered)
Armour
 b - a +2 leather armour (worn)
Jewellery
 d - a ring of positive energy (left hand)


   Skills:
 + Level 6.5 Fighting
 + Level 6.5 Short Blades
 + Level 0.5 Long Blades
 + Level 0.5 Axes
 + Level 0.5 Maces & Flails
 + Level 0.5 Polearms
 + Level 0.5 Staves
 + Level 0.5 Slings
 + Level 0.5 Bows
 + Level 0.5 Crossbows
 + Level 0.5 Throwing
 + Level 4.5 Armour
 + Level 2.5 Dodging
 + Level 0.5 Stealth
 + Level 0.5 Shields
 + Level 0.5 Unarmed Combat
 + Level 0.5 Spellcasting
 + Level 0.4 Conjurations
 + Level 0.4 Hexes
 + Level 0.4 Summonings
 + Level 0.4 Necromancy
 + Level 0.4 Translocations
 + Level 0.4 Transmutations
 + Level 0.4 Fire Magic
 + Level 0.4 Ice Magic
 + Level 0.4 Air Magic
 + Level 0.4 Earth Magic
 + Level 0.4 Poison Magic
 + Level 0.7 Invocations
 + Level 0.5 Evocations


You had 2 spell levels left.
You didn't know any spells.
Your spell library was empty.

Dungeon Overview and Level Annotations

Branches:
Dungeon (1/15)

Altars:


Innate Abilities, Weirdness & Mutations

You have very sharp teeth.
Your uncanny sense of smell can sniff out nearby items.
Your experience applies equally to all skills.


Message History

Things that are here:
a +0 dagger; a kobold corpse A frilled lizard comes into view.
The frilled lizard hisses angrily.
An endoplasm comes into view.
The endoplasm quivers.
The frilled lizard bites you but does no damage.
You miss the frilled lizard. You punch the frilled lizard.
The frilled lizard is heavily wounded.
The frilled lizard barely misses you.
You hit the frilled lizard but do no damage.
The frilled lizard barely misses you.
You miss the frilled lizard. You miss the frilled lizard.
Your bite misses the frilled lizard.
The frilled lizard bites you but does no damage.
You hit the frilled lizard.
The frilled lizard is poisoned.
Your bite misses the frilled lizard.
The frilled lizard is heavily wounded.
The frilled lizard closely misses you.
You hit the frilled lizard.
You kill the frilled lizard!
You hit the endoplasm.
The endoplasm changes into a glowing shapeshifter!
Xom thinks this is hilarious!
You barely miss the glowing shapeshifter.
The glowing shapeshifter changes into a mana viper!
You barely miss the mana viper. You miss the mana viper.
Your bite misses the mana viper.
The mana viper changes into a komodo dragon!
You barely miss the komodo dragon.
You hit the komodo dragon but do no damage.
The komodo dragon bites you!!
Ouch! That really hurt!
You hit the komodo dragon but do no damage.
The komodo dragon changes into something you cannot see!
Unknown command.
Deactivating autopickup; reactivate with Ctrl-A.
You barely miss something. Something hits you!
You die... "It's all fun and games until someone loses an eye."

#.... ##.... #.....
#####...#.
#####.......#.
##...........).
.#########..#####..#..##
......†.##......#.....##
#@##..###.#..)†..#
#.....###.#..#†..#
##........#.......
#..#####.##.....#
###.....##.........
.......####..#....
##.###.##........# ####
#.....##.#.##.... #...
#.#.#.##.#.##...#


There were no monsters in sight!

Vanquished Creatures
  A dart slug (D:1)
  2 giant cockroaches (D:1)
  4 hobgoblins (D:1)
  4 kobolds (D:1)
  2 quokkas (D:1)
  2 frilled lizards (D:1)
  A goblin (D:1)
  A rat (D:1)
17 creatures vanquished.

Notes
Turn   | Place    | Note
-------+----------+-------------------------------------------
     0 | D:1      | Ablot the Gnoll Chaos Knight began the quest for the Orb.
     0 | D:1      | Reached XP level 1. HP: 23/23 MP: 1/1
    91 | D:1      | Reached XP level 2. HP: 29/29 MP: 2/2
   363 | D:1      | Noticed a glowing shapeshifter
   363 | D:1      | an endoplasm changed into a glowing shapeshifter
   364 | D:1      | Noticed a mana viper
   364 | D:1      | a glowing shapeshifter changed into a mana viper
   366 | D:1      | Noticed a komodo dragon
   366 | D:1      | a mana viper changed into a komodo dragon
   369 | D:1      | a komodo dragon changed into something unseen
   370 | D:1      | Slain by an unseen horror (glowing shapeshifter)

Illustrated notes

Levels and vault maps discovered:
D:1:      wheals_arrival_linesprint, layout_basic, moated_statue, minmay_3d_cube

Action                   || total
-------------------------++-------
Melee: Short sword       ||    70
       Bite              ||     8
       Punch             ||     1
Armor: Leather armour    ||    12
Dodge: Dodged            ||    28
